AoeStats
← ARCxxBLaZeX

Nomad

509123783Analyzed
3v3 RM · 7d ago on Sep 25, 2026· 80m 34s· 6 players
Game mode
Random Map
Map size
210×210
Population
200
Speed
Normal
Resources
Standard
Victory
Conquest
Starting age
Dark Age
Ending age
Imperial Age
RankedLock teamsTeams togetherTeam positionsShared explorationLock speedFull tech treeHidden civsTurbo modeCheats
Victory
Defeat
🇪🇸 Turks · Spain
610
+11
🇩🇪 Franks · Germany
571
+12
🇹🇷 Bohemians · Türkiye
516
+15
🇧🇷 Britons · Brazil
647
-19
🇮🇳 Portuguese · India
458
-11
🇩🇪 Vikings · Germany
366
-8
internet-shop24
14:17 Feudal Age
15:49 Wheelbarrow
15:01 Double-Bit Axe
16:25 Fishing Lines
25:53 Castle Age
25:28 Forging
25:51 Arson
25:32 Man-at-Arms
27:27 Hand Cart
28:09 Loom
30:40 Stone Mining
31:28 Town Watch
31:34 Demolition Ship
32:24 Medium Warships
32:40 Bow Saw
34:20 Caravan
60:20 Gold Mining
63:51 Imperial Age
62:22 Gold Shaft Mining
62:55 Coinage
63:04 Gillnets
64:14 Ordonnance Companies
66:06 Hoardings
67:12 Conscription
68:01 Chemistry
66:42 Treadmill Crane
68:10 Husbandry
70:15 Scale Barding Armor
70:11 Scale Mail Armor
70:46 Iron Casting
70:51 Banking
71:03 Elite Throwing Axeman
72:01 Chain Mail Armor
72:07 Chain Barding Armor
71:54 Heavy Demolition Ship
72:26 Capped Ram
72:45 Cavalier
72:47 Light Cavalry
76:13 Fletching
79:02 Chivalry
79:34 Plate Mail Armor
79:39 Plate Barding Armor
80:07 Blast Furnace
79:02 Bodkin Arrow
79:08 Padded Archer Armor
FZL
5:59 Loom
21:05 Feudal Age
21:42 Double-Bit Axe
21:42 Horse Collar
24:20 Arson
31:02 Arson
36:36 Castle Age
38:48 Padded Archer Armor
38:40 Fletching
39:39 Pikeman
40:20 Squires
40:30 Fishing Lines
45:02 Gillnets
47:42 Bodkin Arrow
48:03 Leather Archer Armor
54:55 Ballistics
55:36 Chemistry
59:55 Imperial Age
61:06 Bombard Tower
60:22 Halberdier
64:40 Houfnice
71:00 Wheelbarrow
71:05 Siege Engineers
72:14 Hand Cart
74:24 Ring Archer Armor
73:54 Bracer
74:05 Forging
73:59 Scale Mail Armor
74:27 Elite Skirmisher
74:51 Demolition Ship
75:43 Medium Warships
77:25 Crossbowman
PerkyCake117159
6:47 Loom
16:09 Feudal Age
17:11 Double-Bit Axe
21:11 Castle Age
20:39 Bloodlines
20:36 Padded Archer Armor
21:42 Crossbowman
22:28 Thumb Ring
23:11 Town Watch
25:18 Fishing Lines
27:17 Gillnets
28:48 Stone Mining
28:49 Gold Mining
28:45 Demolition Ship
29:38 Medium Warships
30:54 Wheelbarrow
30:40 Fletching
36:59 Hand Cart
36:45 Town Patrol
36:59 Bow Saw
37:26 Bodkin Arrow
37:48 Leather Archer Armor
37:46 Forging
40:43 Imperial Age
42:52 Conscription
42:32 Artillery
45:17 Horse Collar
46:52 Gold Shaft Mining
49:00 Two-Man Saw
55:10 Heavy Camel Rider
Hafrapa
3:33 Loom
17:15 Feudal Age
17:41 Man-at-Arms
18:08 Arson
19:33 Fishing Lines
20:34 Horse Collar
20:43 Double-Bit Axe
29:10 Castle Age
30:21 Gillnets
30:57 Squires
32:20 Gold Mining
32:21 Stone Mining
35:00 Medium Warships
41:35 Elite Skirmisher
41:46 Pikeman
42:36 Heavy Plow
45:36 Forging
45:18 Fletching
53:18 Imperial Age
52:20 Murder Holes
52:47 Ballistics
54:24 Scale Barding Armor
54:21 Scale Mail Armor
54:34 Light Cavalry
59:15 Chemistry
61:57 Heated Shot
64:27 Bogsveigar
64:49 Conscription
68:25 Chieftains
78:41 Chain Barding Armor
78:57 Iron Casting
78:19 Bodkin Arrow
Ironkinghard
17:40 Feudal Age
19:15 Wheelbarrow
18:31 Double-Bit Axe
18:31 Horse Collar
24:27 Castle Age
24:34 Gold Mining
24:42 Stone Mining
25:44 Hand Cart
25:49 Padded Archer Armor
25:40 Fletching
26:01 Forging
27:53 Heavy Plow
35:55 Leather Archer Armor
43:16 Bodkin Arrow
43:56 Iron Casting
47:34 Imperial Age
47:55 Yeomen
47:48 Elite Longbowman
51:38 Blast Furnace
50:39 Bracer
51:09 Ring Archer Armor
50:57 Cavalier
63:12 Scale Barding Armor
63:21 Husbandry
68:36 Chain Barding Armor
67:41 Light Cavalry
ARCxxBLaZeX
4:45 Loom
22:28 Feudal Age
22:36 Man-at-Arms
24:14 Wheelbarrow
25:22 Fishing Lines
26:51 Stone Mining
27:23 Scale Mail Armor
32:16 Castle Age
30:03 Town Watch
33:19 Hand Cart
33:10 Gillnets
33:44 Medium Warships
39:56 Treadmill Crane
42:33 Horse Collar
51:13 Arson
Connection lost

Rejoining the realm…

Still unreachable

The connection could not be restored.

Session expired

The server has moved on; the page needs a fresh start.